Description

This build order is really strong against most of standard playstyle. You open with a standard gate expand. After scouting your opponent, add your twilight council to reach a timing attack at 4.30. Don't forget to cut the gas!

Notes :

  • Stay on a standard build order as long as possible to don't show your build order too soon. The opponent will have less time to react
  • If your opponent scout with the first overlord, do a stalker first
  • Don't take the gas on your natural
  • Cut your gas as soon as you start the charge
  • Add 6 gateways after cuting your gas
  • Chronoboost charge and the warp prism
  • The 4,30min mark timing is really strong: If your opponent did a standard opening: You win.

VOD

https://youtu.be/m2-2ba8yckc

Replay - PvZ full zealot

Build Order

Get SALT Encoding   

  12  0:01  Probe  
  13  0:13  Probe  
  14  0:20  Pylon  
  14  0:22  Probe  
  15  0:34  Probe  
  15  0:40  Gateway  
  16  0:45  Probe  
  16  0:48  Assimilator  
  17  0:57  Probe  
  18  1:05  Probe  
  18  1:07  Pylon  
  19  1:13  Probe  
  20  1:29  Nexus  
  20  1:37  Cybernetics Core  
  20  1:40  Probe  
  20  1:46  Assimilator  
  21  1:52  Probe  
  22  1:59  Pylon  
  23  2:09  Stalker  
  23  2:15  Warp Gate  
  27  2:35  Twilight Council  
  27  2:39  Adept  
  31  2:52  Robotics Facility  
  32  3:04  Charge  
  36  3:22  Pylon  
  36  3:26  Gateway x2  
  34  3:34  Gateway  
  34  3:40  Gateway x2  
  34  3:47  Gateway, Warp Prism  
  36  4:03  Zealot  
  36  4:09  Pylon  
  38  4:21  Zealot x3  
  44  4:42  Zealot x6  
  56  4:48  Adept  
Spawning Tool Build Advisor. Get it on Overwolf

Go to:

Details

  • Created by: zuka      
  • Published on: Apr 12, 2019
  • Patch: 4.7.1
Show
View Real Time Build Order
Export as new Build Order

Comments (2)

On July 12, 2020, 3:01 a.m., Maxgy  said:

This build will also work vs Terran

On April 21, 2019, 9:54 a.m., Zentraidee  said:

BombTvEn has a build like this one with adept.with a 12 drones(youtube) at the expansion.This one will have a drone like 8 in the expansion.Which both will have a timing attack at 5- ish standard.You have to love this build and practice it using the SALT.Enjoy and have fun.

Create an account to comment!